 Dungeon Crawl Stone Soup version 0.29-a0-474-gdfe5cd140f (webtiles) character file.

Game seed: 6048475400710635736

2 Linklo the Grave Robber (level 1, 0/9 HPs)
             Began as a Vine Stalker Necromancer on May 23, 2022.
             Frozen to death by an endoplasm (1 damage)
             ... on level 1 of the Dungeon.
             The game lasted 00:04:45 (408 turns).

Linklo the Grave Robber (Vine Stalker Necromancer)   Turns: 408, Time: 00:04:45

Health: 0/9        AC:  2    Str: 10    XL:     1   Next: 40%
Magic:  0/4        EV: 12    Int: 15    God:
Gold:   11         SH:  0    Dex: 14    Spells: 3/4 levels left

rFire   . . .      SeeInvis .   (no weapon)
rCold   . . .      Faith    .   (no shield)
rNeg    . . .      Spirit   +   a - +0 robe
rPois   .          Reflect  .   (no helmet)
rElec   .          Harm     .   (no cloak)
rCorr   .          Rampage  .   (no gloves)
Will    .....                   (no boots)
Stlth   ++........              (no amulet)
HPRegen 0.03/turn               (no ring)
MPRegen 0.09/turn               (no ring)

@: no status effects
A: fangs 2, magic shield, antimagic bite, no potion heal 2
a: no special abilities


You were on level 1 of the Dungeon.
You visited 1 branch of the dungeon, and saw 1 of its levels.

You collected 11 gold pieces.

Inventory:

Armour
 a - a +0 robe (worn)


   Skills:
 + Level 1.6 Dodging
 + Level 2.5 Stealth
 + Level 2.2 Spellcasting
 + Level 4.0 Necromancy


You had 3 spell levels left.
You knew the following spells:

 Your Spells              Type           Power      Damage    Failure   Level
a - Necrotize             Necr           52%        1d6       4%          1

Your spell library contained the following spells:

 Spells                   Type           Power      Damage    Failure   Level
 Vampiric Draining        Necr           13%        2d6       12%         3
 Animate Dead             Necr           13%        N/A       38%         4
 Agony                    Necr           13%        N/A       75%         5


Dungeon Overview and Level Annotations

Branches:
Dungeon (1/15)

Altars:


Innate Abilities, Weirdness & Mutations

You have extremely sharp teeth.
When hurt, damage is shared between your health and your magic reserves.
Your bite disrupts and absorbs the magic of your enemies.
Potions cannot restore your health.


Message History

The hobgoblin barely misses you.
You hit the hobgoblin but do no damage.
The hobgoblin is heavily wounded.
The hobgoblin closely misses you.
You closely miss the hobgoblin.
The hobgoblin is heavily wounded.
The hobgoblin misses you.
You barely miss the hobgoblin.
The hobgoblin is heavily wounded.
The endoplasm freezes you.
You are frozen.
The hobgoblin hits you.
You are confused.
Your system rejects the healing.
You feel invigorated. The endoplasm freezes you.
You are frozen.
The hobgoblin barely misses you.
You hit the hobgoblin but do no damage.
The hobgoblin is heavily wounded.
The endoplasm barely misses you. The hobgoblin closely misses you.
You hit the hobgoblin but do no damage.
The hobgoblin is heavily wounded.
You feel less invigorated.
You feel less confused. The endoplasm freezes you.
You are frozen.
* * * LOW HITPOINT WARNING * * *
The hobgoblin closely misses you.
Unknown command.
Magic courses through your body. The endoplasm hits you.
* * * LOW HITPOINT WARNING * * *
The hobgoblin barely misses you.
You hit the hobgoblin but do no damage. You bite the hobgoblin.
You drain its power.
You feel invigorated.
The hobgoblin is almost dead.
The endoplasm hits you. The hobgoblin closely misses you.
You barely miss the hobgoblin. You bite the hobgoblin.
You kill the hobgoblin!
The endoplasm jiggles.
The endoplasm freezes you.
You are frozen.
You die...

### #.#.#.#####.#
..#
#.........#.#####
<.#
#...............
..#
#....>..#.#.#..
###
#.......#.#.#.#
#.......#.#.#.###
#.......#.......#
#.......#.#..J..#
#####.#.#.#.@...#
#.#.#.#.##.##
#.#...#.# ..#
#.###.#.. #...
#.# ##### .###
#########.# ##
..........#
######.#### #..#


You could see an endoplasm.

Vanquished Creatures
  2 endoplasms (D:1)
  A hobgoblin (D:1)
3 creatures vanquished.

Notes
Turn   | Place    | Note
-------+----------+-------------------------------------------
     0 | D:1      | Linklo the Vine Stalker Necromancer began the quest for the
                  | Orb.
     0 | D:1      | Reached XP level 1. HP: 9/9 MP: 4/4
   408 | D:1      | Frozen to death by an endoplasm

Illustrated notes

Levels and vault maps discovered:
D:1:      dpeg_arrival_erosion, layout_basic, kennysheep_small_spiral,
          hangedman_glass_garden, minivault_4, minmay_misc_feat_tower,
          amcnicky_mini_corridor_feature

Action                   || total
-------------------------++-------
Melee: Unarmed           ||    20
       Bite              ||     7
  Use: Potion            ||     2
       Scroll            ||     1
 Stab: Sleeping          ||     2
Dodge: Dodged            ||    13

Table legend: (Time is in decaauts)
 A = Elapsed time spent in this place.
 B = Non-inter-level travel time spent in this place.
 C = Inter-level travel time spent in this place.
 D = Time resting spent in this place.
 E = Time spent auto-exploring this place.
 F = Levels seen in this place.
 G = Mean time per level.
                   A        B        C        D        E       F      G
               +--------+--------+--------+--------+--------+-----+--------+
         Total |    408 |    277 |    131 |    112 |    108 |   1 |  408.0 |
       Dungeon |    408 |    277 |    131 |    112 |    108 |   1 |  408.0 |
               +--------+--------+--------+--------+--------+-----+--------+

Top non-repeatable levels by time:
     D:1: 408 daAuts
